 Dungeon Crawl Stone Soup version 0.26-a0-859-gf57989e088 (webtiles) character file.

Game seed: 6410312128258112623

31407 Atelerd the Thaumaturge (level 13, -7/79 HPs)
             Began as an Octopode Venom Mage on Nov 25, 2020.
             Was a High Priest of Sif Muna.
             Mangled by an eight-headed hydra (8 damage)
             ... on level 1 of the Lair of Beasts.
             The game lasted 00:47:45 (19910 turns).

Atelerd the Thaumaturge (Octopode Venom Mage)      Turns: 19910, Time: 00:47:46

Health: -7/79      AC:  9    Str:  8    XL:     13   Next: 57%
Magic:  19/40      EV: 17    Int: 22    God:    Sif Muna [*****.]
Gold:   108        SH:  5    Dex: 16    Spells: 25/40 levels left

rFire    . . .     SeeInvis .   N - +5 scimitar (freeze)
rCold    . . .     Faith    +   R - +0 buckler
rNeg     . . .     Spirit   .   (helmet restricted)
rPois    .         Reflect  .   z - amulet "Diepti" {Faith MP+9 Dex+4}
rElec    .         Harm     .   b - ring of flight
rCorr    .         Rampage  .   h - +4 ring of protection
MR       +....                  k - +4 ring of slaying
Stlth    ++++......             m - ring of protection from magic
HPRegen  0.23/turn              S - ring of ice
MPRegen  0.27/turn              i - ring of fire
                                W - +4 ring of protection
                                (no ring)

@: invisible
A: almost no armour, stealthy swim, amphibious, 8 rings, constrict 8, camouflage
1, gelatinous body 1
a: Channel Magic, Forget Spell, Divine Exegesis, Renounce Religion, Evoke Flight


You were on level 1 of the Lair of Beasts.
You worshipped Sif Muna.
Sif Muna was extremely pleased with you.
You visited 4 branches of the dungeon, and saw 17 of its levels.

You collected 1253 gold pieces.
You spent 1145 gold pieces at shops.

Inventory:

Hand Weapons
 N - a +5 scimitar of freezing (weapon)
 O - a +4 scimitar of flaming
 P - a +6 spear of flaming
Armour
 R - a +0 buckler (worn)
Jewellery
 b - a ring of flight (left tentacle)
 h - a +4 ring of protection (right tentacle)
 i - a ring of fire (on tentacle)
 k - a +4 ring of slaying (on tentacle)
 m - a ring of protection from magic (on tentacle)
 r - an uncursed amulet of regeneration
 w - an uncursed amulet of the acrobat
 z - the amulet "Diepti" (around mantle) {Faith MP+9 Dex+4}
   (You bought it in a shop on level 4 of the Dungeon)

   [amulet of faith]

   It allows you to gain divine favour quickly.
   It affects your dexterity (+4).
   It affects your magic capacity (+9).
 M - an uncursed amulet of faith
 S - a ring of ice (on tentacle)
 V - an uncursed ring of fire
 W - a +4 ring of protection (on tentacle)
Wands
 e - a wand of paralysis (9)
 l - a wand of polymorph (7)
 s - a wand of random effects (58)
 v - a wand of acid (4)
 L - a wand of iceblast (10)
 T - a wand of enslavement (7)
Scrolls
 c - a scroll of torment {unknown}
 d - 5 scrolls of amnesia {unknown}
 f - a scroll of fear
 g - 3 scrolls of teleportation
 o - 2 scrolls of enchant weapon
 p - 5 scrolls of enchant armour
 y - 9 scrolls of remove curse
 B - a scroll of fog {unknown}
 F - 2 scrolls of immolation {unknown}
 H - 4 scrolls of identify
 I - a scroll of summoning {unknown}
 J - 2 scrolls of noise {unknown}
 Q - 2 scrolls of magic mapping {unknown}
 U - a scroll of acquirement {unknown}
Potions
 a - a potion of degeneration
 j - a potion of might
 n - 6 potions of flight
 q - 2 potions of magic
 t - a potion of invisibility
 u - 3 potions of lignification
 x - a potion of berserk rage
 A - 2 potions of attraction {unknown}
 C - a potion of cancellation {unknown}
 D - 3 potions of brilliance {unknown}
 E - 6 potions of mutation {unknown}
 G - 2 potions of curing
 K - a potion of heal wounds


   Skills:
 + Level 4.1 Fighting
 - Level 3.0 Long Blades
 - Level 6.0 Dodging
 + Level 5.3 Stealth
 + Level 4.1 Shields
 + Level 14.4 Spellcasting
 + Level 5.1 Conjurations
 - Level 2.0 Transmutations
 - Level 3.0 Fire Magic
 - Level 5.0 Ice Magic
 - Level 2.0 Air Magic
 - Level 7.0 Poison Magic
 - Level 9.0 Invocations
 - Level 3.0 Evocations


You had 25 spell levels left.
You knew the following spells:

 Your Spells              Type           Power        Failure   Level
a - Sting                 Tmut/Pois      ####         1%          1
b - Mephitic Cloud        Conj/Pois/Air  #####...     1%          3
c - Hailstorm             Conj/Ice       ######..     4%          4
f - Ignite Poison         Fire/Tmut/Pois ######..     2%          3
r - Olgreb's Toxic Radia  Pois           #####...     2%          4

Your spell library contained the following spells:

 Spells                   Type           Power        Failure   Level
 Shock                    Conj/Air       ####         1%          1
 Poisonous Vapours        Pois/Air       #####.       1%          2
 Swiftness                Air            ###.....     2%          2
 Static Discharge         Conj/Air       ####....     2%          3
 Corona                   Hex            ###....      3%          1
 Gell's Gravitas          Tloc           ###.......   12%         3
 Portal Projectile        Hex/Tloc       ###...       12%         3
 Summon Guardian Golem    Hex/Summ       ###.....     12%         3
 Tukima's Dance           Hex            ###.....     12%         3
 Airstrike                Air            ###.......   17%         4
 Lightning Bolt           Conj/Air       ####......   24%         5
 Leda's Liquefaction      Hex/Erth       ###.......   36%         4
 Metabolic Englaciation   Hex/Ice        #####.....   36%         5
 Silence                  Hex/Air        ###.......   56%         5
 Yara's Violent Unravell  Hex/Tmut       ###.......   56%         5
 Dispersal                Tloc           ###.......   99%         6
 Disjunction              Tloc           ###.......   100%        8


Dungeon Overview and Level Annotations

Branches:
Dungeon (12/15)            Temple (1/1) D:4            Lair (2/6) D:8
    Orc (2/2) D:9             Elf (0/3) Orc:2
  Swamp: Lair:2-4    Shoals: Lair:2-4     Snake: Lair:2-4    Spider: Lair:2-4

Altars:
Ashenzari
Cheibriados
Dithmenos
Elyvilon
Fedhas
Gozag
Hepliaklqana
Kikubaaqudgha
Makhleb
Nemelex Xobeh
Okawaru
Qazlal
Ru
Sif Muna
Trog
Uskayaw
Vehumet
Wu Jian
Xom
Yredelemnul
Zin
The Shining One

Shops:
D:4 =   D:6 (   D:8 (   D:9 *:

Annotations:
D:2 exclusion: 3 downstairs
D:4 3 runed translucent doors, drd's ghost, amateur OpBr
D:7 exclusion: downstairs
Lair:1 exclusion: hydra
Lair:2 exclusion: upstairs


Innate Abilities, Weirdness & Mutations

You cannot wear most types of armour.
You are very stealthy in the water. (Stealth+)
You are amphibious.
You can wear up to eight rings at the same time.
You can use your tentacles to constrict eight enemies at once.
Your skin changes colour to match your surroundings (Stealth+).
Your rubbery body absorbs attacks. (AC +1, EV +1)


Message History

The six-headed hydra grows two more!
You slash the eight-headed hydra! You freeze the eight-headed hydra.
Your squeeze misses the eight-headed hydra.
The eight-headed hydra is almost dead.
The eight-headed hydra bites you. x2
* * * LOW HITPOINT WARNING * * *
The eight-headed hydra barely misses you.
The eight-headed hydra bites you!
* * * LOW HITPOINT WARNING * * *
The eight-headed hydra barely misses you.
The eight-headed hydra bites you.
* * * LOW HITPOINT WARNING * * *
You block the eight-headed hydra's attack.
The eight-headed hydra closely misses you.
Okay, then.
You fade into invisibility!
The eight-headed hydra bites you!
* * * LOW HITPOINT WARNING * * *
The eight-headed hydra bites you!
You die...

.....................<...........
..≈≈≈≈≈.....................####.
≈≈≈≈≈≈≈≈≈....####...###.##..# ##.
≈≈≈§≈≈≈≈≈≈≈..# #..#........# #..
≈≈§§≈≈≈≈≈≈..## #..#.....#..####.
≈≈≈§§≈≈≈≈....####..#.........# #.
.≈≈≈§≈≈......#.....#.....#..## #.
.≈≈≈≈≈......†.......#.P###..# ##.
..≈≈≈..........D@........†..# #..
..≈.........######..........###P.
..≈.........# #..........†.)..
...$........# ................
........##### .........(.....
##......# ...+..####.#..
#P..#...# ..#... ..#.. #.......#
..... ...... ##^.....# .#..
....#..


You could see an eight-headed hydra.

Vanquished Creatures
  Rupert (D:12)
  Erolcha (D:9)
  A boulder beetle (D:11)
  A hydra (D:12)
  3 two-headed ogres
  Erica (D:9)
  Nergalle (D:10)
  A deep elf mage (D:11)
  An orc knight (D:12)
  3 ugly things (D:11)
  2 cyclopes
  A manticore (D:11)
  2 cane toads
  Psyche (D:10)
  2 komodo dragons (Lair:2)
  A rime drake (Lair:2)
  2 kobold demonologists (D:11)
  3 hornets
  2 trolls
  A polar bear (Lair:2)
  5 blink frogs (Lair:2)
  4 slime creatures
  2 shadows
  4 wraiths
  8 wyverns
  3 basilisks
  14 yaks
  A steam dragon (D:8)
  Grum (Lair:1)
  4 vampire mosquitoes (D:11)
  Menkaure (D:6)
  A water moccasin (Lair:2)
  9 orc warriors
  An ice beast (D:11)
  4 black bears
  A sky beast (D:11)
  3 necrophages
  14 ogres
  3 phantoms
  11 centaurs
  6 wolves
  7 big kobolds
  A wyvern zombie (D:11)
  12 bullfrogs
  3 gnoll sergeants (D:9)
  3 scorpions
  15 killer bees
  20 wights
  3 electric eels (D:10)
  A howler monkey (D:8)
  A troll skeleton (D:7)
  4 bullfrog zombies
  3 centaur zombies
  2 human zombies (D:7)
  2 jellies
  6 hounds
  A bullfrog skeleton (D:12)
  A centaur skeleton (D:7)
  12 orc priests
  8 iguanas
  12 orc wizards
  A gnoll shaman (D:7)
  Jessica (D:3)
  10 worker ants
  Natasha (thrice) (D:3)
  2 hound skeletons
  3 mummies
  Robin (D:3)
  A worker ant zombie (D:5)
  17 gnolls
  8 adders
  4 shadow imps
  2 white imps (D:10)
  An ufetubus (D:8)
  3 oozes
  2 adder zombies
  5 worms
  2 dart slugs
  6 leopard geckos
  54 orcs
  2 giant cockroaches
  19 goblins
  7 hobgoblins
  11 jackals
  22 kobolds
  5 quokkas
  2 ball pythons
  A ball python zombie (D:5)
  9 bats
  4 frilled lizards
  A hobgoblin zombie (D:5)
  2 kobold zombies (D:5)
  2 orc zombies
  A quokka skeleton (D:9)
  6 rats
  A butterfly (D:4)
469 creatures vanquished.

Vanquished Creatures (others)
  7 fungi
  11 plants
  A withered plant (D:6)
19 creatures vanquished.

Grand Total: 488 creatures vanquished

Notes
Turn   | Place    | Note
-------+----------+-------------------------------------------
     0 | D:1      | Atelerd the Octopode Venom Mage began the quest for the
                  | Orb.
     0 | D:1      | Reached XP level 1. HP: 11/11 MP: 3/3
   125 | D:1      | Reached XP level 2. HP: 15/17 MP: 1/5
   623 | D:1      | Reached XP level 3. HP: 21/21 MP: 1/6
  1516 | D:2      | Reached XP level 4. HP: 18/27 MP: 4/8
  1595 | D:2      | Reached skill level 3 in Spellcasting
  1778 | D:2      | Learned a level 3 spell: Mephitic Cloud
  1782 | D:2      | Learned a level 3 spell: Ignite Poison
  1841 | D:2      | Reached skill level 1 in Fighting
  2370 | D:3      | Reached skill level 5 in Poison Magic
  2493 | D:3      | Noticed Robin
  2814 | D:2      | Reached XP level 5. HP: 28/33 MP: 5/10
  3139 | D:2      | Learned a level 4 spell: Olgreb's Toxic Radiance
  3155 | D:3      | Noticed Natasha
  3393 | D:2      | You fall into a shaft and drop 2 floors!
  3570 | D:4      | Found a staircase to the Ecumenical Temple.
  3588 | Temple   | Entered the Ecumenical Temple
  4040 | Temple   | Became a worshipper of Sif Muna the Loreminder
  4104 | D:4      | Reached XP level 6. HP: 34/39 MP: 9/11
  4153 | D:4      | Found a runed translucent gate.
  4153 | D:4      | Found a runed translucent gate.
  4153 | D:4      | Noticed drd's ghost (amateur OpBr)
  4154 | D:4      | Found a runed translucent gate.
  4321 | D:4      | Reached skill level 1 in Air Magic
  4384 | D:4      | Found a white marble altar of Elyvilon.
  4385 | D:4      | Found a snail-covered altar of Cheibriados.
  4387 | D:4      | Found a basalt altar of Yredelemnul.
  4390 | D:4      | Found a stormy altar of Qazlal.
  4390 | D:4      | Found a hazy altar of Hepliaklqana.
  4391 | D:4      | Found a blossoming altar of Fedhas.
  4397 | D:4      | Reached skill level 1 in Conjurations
  4397 | D:4      | Reached skill level 1 in Invocations
  4540 | D:4      | Found Litouts's Jewellery Shop.
  4697 | D:4      | Found a shimmering altar of Xom.
  4861 | D:5      | Entered Level 5 of the Dungeon
  4924 | D:5      | Found a shadowy altar of Dithmenos.
  5214 | D:5      | Reached skill level 4 in Spellcasting
  5214 | D:5      | Reached XP level 7. HP: 45/45 MP: 6/13
  5434 | D:5      | Reached * piety under Sif Muna
  5435 | D:5      | Reached skill level 1 in Fire Magic
  6175 | D:6      | Reached XP level 8. HP: 50/50 MP: 2/14
  6423 | D:6      | Noticed Menkaure
  6431 | D:6      | Killed Menkaure
  6432 | D:6      | Reached skill level 5 in Stealth
  6432 | D:6      | Reached skill level 5 in Spellcasting
  6496 | D:6      | Found Futzum's Antique Weapon Shop.
  6513 | D:6      | Found a basalt altar of Yredelemnul.
  7400 | D:7      | Noticed a wraith
  7587 | D:6      | Reached XP level 9. HP: 44/54 MP: 13/17
  7592 | D:6      | Reached skill level 6 in Spellcasting
  7675 | D:3      | Noticed Jessica
  7678 | D:3      | Killed Jessica
  7683 | D:3      | Reached ** piety under Sif Muna
  7685 | D:3      | Killed Robin
  7916 | D:3      | Killed Natasha
  7920 | D:3      | Noticed Natasha
  7922 | D:3      | Killed Natasha
  7932 | D:3      | Noticed Natasha
  7936 | D:3      | Killed Natasha
  8411 | D:7      | Reached skill level 5 in Conjurations
  8769 | D:7      | Found a broken altar of Ashenzari.
  8814 | D:7      | Reached skill level 7 in Spellcasting
  9149 | D:7      | Reached skill level 8 in Spellcasting
  9603 | D:7      | Reached skill level 9 in Spellcasting
  9603 | D:7      | Reached XP level 10. HP: 38/60 MP: 13/23
  9774 | D:7      | Reached *** piety under Sif Muna
  9814 | D:7      | Found an ancient bone altar of Kikubaaqudgha.
 10079 | D:7      | Reached skill level 10 in Spellcasting
 10479 | D:8      | Found Datekury's Antique Weapon Boutique.
 10674 | D:8      | Noticed a catoblepas
 10674 | D:8      | Noticed a seven-headed hydra
 10685 | D:8      | Noticed a yaktaur captain
 10832 | D:8      | Noticed a two-headed ogre
 10898 | D:8      | Found the macabre finger necklace {rN+}
 10900 | D:8      | Found the +3 pair of gauntlets of War {Slay+5}
 11136 | D:8      | Reached skill level 5 in Invocations
 11144 | D:8      | Reached **** piety under Sif Muna
 11212 | D:8      | Reached skill level 5 in Dodging
 11297 | D:8      | Reached XP level 11. HP: 64/64 MP: 15/25
 11395 | D:8      | Found a staircase to the Lair.
 11674 | Lair:1   | Entered Level 1 of the Lair of Beasts
 11683 | Lair:1   | Noticed Grum
 11686 | Lair:1   | Killed Grum
 12020 | Lair:1   | Noticed a five-headed hydra
 12080 | Lair:1   | Reached skill level 11 in Spellcasting
 13473 | Lair:1   | Noticed a seven-headed hydra
 13715 | D:9      | Noticed Erica
 13718 | D:9      | Killed Erica
 13719 | D:9      | Reached skill level 12 in Spellcasting
 14089 | D:9      | Found Orpheseni's General Store.
 14091 | D:9      | Found Huapea's Book Shop.
 14097 | D:9      | Bought a potion of curing for 42 gold pieces
 14128 | D:9      | Found an iron altar of Okawaru.
 14149 | D:9      | Noticed Erolcha
 14153 | D:9      | Killed Erolcha
 14154 | D:9      | Reached skill level 1 in Long Blades
 14154 | D:9      | Reached skill level 1 in Evocations
 14154 | D:9      | Reached XP level 12. HP: 53/74 MP: 13/28
 14494 | D:9      | Found a staircase to the Orcish Mines.
 14502 | D:9      | Reached ***** piety under Sif Muna
 14609 | Orc:1    | Entered Level 1 of the Orcish Mines
 14918 | Orc:2    | Entered Level 2 of the Orcish Mines
 14918 | Orc:2    | Found a staircase to the Elven Halls.
 14921 | Orc:2    | Noticed a two-headed ogre
 15103 | D:10     | Entered Level 10 of the Dungeon
 15255 | D:10     | Noticed Nergalle
 15261 | D:10     | Identified Acepn's Tome of Ensnaring Arcane Weapons (Sif
                  | Muna gifted it to you on level 10 of the Dungeon)
 15261 | D:10     | Received a gift from Sif Muna
 15262 | D:10     | Reached skill level 1 in Shields
 15263 | D:10     | Killed Nergalle
 15272 | D:10     | Learned a level 4 spell: Hailstorm
 15287 | D:10     | Noticed a two-headed ogre
 15293 | D:10     | Killed a two-headed ogre
 15294 | D:10     | Reached skill level 1 in Ice Magic
 15535 | D:10     | Noticed Psyche
 15539 | D:10     | Killed Psyche
 16861 | D:11     | Noticed a boulder beetle
 16868 | D:11     | Killed a boulder beetle
 17138 | D:11     | Noticed a two-headed ogre
 17143 | D:11     | Reached skill level 5 in Ice Magic
 17144 | D:11     | Reached XP level 13. HP: 50/79 MP: 12/29
 17145 | D:11     | Reached skill level 13 in Spellcasting
 17598 | D:12     | Identified Sif Muna's Guide on Bewitchment (Sif Muna gifted
                  | it to you on level 12 of the Dungeon)
 17598 | D:12     | Received a gift from Sif Muna
 18053 | D:12     | Noticed Rupert
 18063 | D:12     | Killed Rupert
 18064 | D:12     | Reached skill level 14 in Spellcasting
 19690 | D:4      | Bought the amulet "Diepti" {Faith MP+9 Dex+4} for 743 gold
                  | pieces
 19690 | D:4      | Bought a +4 ring of protection for 360 gold pieces
 19910 | Lair:1   | HP: 1/79 [eight-headed hydra (10)]
 19910 | Lair:1   | Mangled by an eight-headed hydra

Illustrated notes

Levels and vault maps discovered:
D:1:      shiori_arrival_oz, layout_basic, kennysheep_doodads,
          chequers_serial_rivers_micro_e
D:2:      layout_loops_cross, minmay_small_reverse_x
D:3:      layout_rooms, uniq_robin, uniq_natasha, uniq_jessica
D:4:      layout_basic, grunt_temple_overflow_open, xom_butterflies,
          minmay_temple_entry_crystal_x, serial_shops, kennysheep_little_box,
          gammafunk_ghost_split, corexii_item_surrounded_by_moat,
          minmay_close_crescents
D:5:      layout_layer_cave, overflow_temple_1_default, minmay_mini_ossuary
D:6:      layout_loops_ring, serial_shops, nicolae_shop_trees,
          yredelemnul_altar_generic, uniq_menkaure
D:7:      layout_basic, lemuel_crystal_altar,
          lemuel_mausoleum_altar_kikubaaqudgha
D:8:      layout_cave_pools, erik_lair_dragon, serial_shops,
          kennysheep_mini_moat, onia_ninara_dug_in_and_dangerous
D:9:      layout_basic, marbit_many_paths,
          kennysheep_orc_monster_closet_entryway, serial_shops, shop, shop,
          uniq_erolcha, uniq_erica
D:10:     layout_gridville, serial_rivers, chequers_serial_rivers_small_b,
          chequers_serial_rivers_marsh, chequers_serial_rivers_micro_d,
          chequers_serial_rivers_micro_d, disabler_island, uniq_psyche,
          uniq_nergalle
D:11:     layout_roguey
D:12:     layout_layer_cave, minmay_diamond_spiral, uniq_rupert
Temple:   minmay_temple_forest_path
Lair:1:   layout_chaotic_city, hellmonk_ghost_happy_afterlife,
          lemuel_old_faithful, uniq_fannar, uniq_grum
Lair:2:   layout_regular_city, grunt_megastairs_2, lemuel_fruit_tree
Orc:1:    layout_caves, serial_shops
Orc:2:    st_orc_open, layout_caves, nicolae_orc_lava_tube

Skill      XL: |  1  2  3  4  5  6  7  8  9 10 11 12 13 |
---------------+----------------------------------------+-----
Poison Magic   | 4 5 6 7 |  7.0
Spellcasting   | 3 4 5 9 10 12 14 | 14.4
Fighting       | 1 2 4 |  4.1
Air Magic      | 1 2 |  2.0
Conjurations   | 1 2 3 5 |  5.1
Invocations    | 1 2 4 5 8 9 |  9.0
Stealth        | 3 4 5 |  5.3
Fire Magic     | 2 3 |  3.0
Transmutations | 2 |  2.0
Dodging        | 5 6 |  6.0
Long Blades    | 1 3 |  3.0
Evocations     | 1 3 |  3.0
Shields        | 4 |  4.1
Ice Magic      | 5 |  5.0

Action                   |  1- 3 |  4- 6 |  7- 9 | 10-12 | 13-15 || total
-------------------------+-------+-------+-------+-------+-------++-------
Melee: Unarmed           |     7 |       |       |       |       ||     7
       Constrict         |    14 |    30 |    32 |    40 |     6 ||   122
       Tentacles         |     7 |    15 |    21 |    36 |     7 ||    86
       Dagger            |    56 |   102 |    41 |    21 |       ||   220
       Short sword       |       |       |    56 |       |       ||    56
       Long sword        |       |       |     9 |    28 |       ||    37
       Scimitar          |       |       |       |    98 |    42 ||   140
       Spear             |       |       |       |    15 |       ||    15
 Cast: Sting             |    29 |    67 |     8 |     7 |       ||   111
       Mephitic Cloud    |       |     6 |    19 |    31 |    13 ||    69
       Ignite Poison     |       |     3 |    31 |    92 |    30 ||   156
       Olgreb's Toxic Ra |       |     3 |    23 |    92 |    27 ||   145
       Hailstorm         |       |       |       |     9 |     7 ||    16
Invok: Channel Magic     |       |       |       |     1 |     1 ||     2
Evoke: Wand              |       |       |     1 |     2 |     1 ||     4
  Use: Scroll            |       |     6 |     7 |     2 |     2 ||    17
       Potion            |       |     2 |       |       |     1 ||     3
 Stab: Sleeping          |     7 |     9 |     2 |     7 |     3 ||    28
       Confused          |       |       |     1 |     1 |       ||     2
Armor: Skin              |    10 |    31 |    22 |    29 |     9 ||   101
Dodge: Dodged            |    60 |   106 |    70 |   141 |    55 ||   432
Block: Buckler           |       |       |       |       |    13 ||    13
       Rpst.: Long sword |       |       |     1 |    10 |       ||    11
       Scimitar          |       |       |       |    30 |     8 ||    38

Table legend: (Time is in decaauts)
 A = Elapsed time spent in this place.
 B = Non-inter-level travel time spent in this place.
 C = Inter-level travel time spent in this place.
 D = Time resting spent in this place.
 E = Time spent auto-exploring this place.
 F = Levels seen in this place.
 G = Mean time per level.
                   A        B        C        D        E       F      G
               +--------+--------+--------+--------+--------+-----+--------+
         Total |  20025 |  18717 |   1308 |   5666 |  10100 |  17 | 1177.9 |
       Dungeon |  17306 |  16125 |   1181 |   4939 |   8462 |  12 | 1442.2 |
        Temple |    478 |    423 |     55 |     20 |    401 |   1 |  478.0 |
          Lair |   1850 |   1804 |     46 |    499 |   1098 |   2 |  925.0 |
  Orcish Mines |    390 |    365 |     25 |    208 |    139 |   2 |  195.0 |
               +--------+--------+--------+--------+--------+-----+--------+

Top non-repeatable levels by time:
     D:7: 2238 daAuts
     D:2: 2085 daAuts
    D:12: 1993 daAuts
     D:8: 1562 daAuts
    D:10: 1476 daAuts
  Lair:2: 1378 daAuts
     D:4: 1287 daAuts
     D:6: 1278 daAuts
     D:5: 1193 daAuts
     D:9: 1186 daAuts
     D:1: 1147 daAuts
    D:11: 1043 daAuts
     D:3: 814 daAuts
  Temple: 478 daAuts
  Lair:1: 472 daAuts
